 Dungeon Crawl Stone Soup version 0.29.1-13-g9f3cf754e1 (webtiles) character file.

Game seed: 6904610074363666176

91 Thatpatchoflichen the Trooper (level 4, -5/52 HPs)
             Began as an Ogre Monk on Feb 11, 2023.
             Killed by divine providence
             ... invoked by an orc priest
              (9 damage)
             ... on level 3 of the Dungeon.
             The game lasted 00:04:18 (3955 turns).

Thatpatchoflichen the Trooper (Ogre Monk)           Turns: 3955, Time: 00:04:19

Health: -5/52      AC:  3    Str: 17    XL:     4   Next: 59%
Magic:  4/4        EV: 10    Int: 11    God:
Gold:   239        SH:  0    Dex: 11    Spells: 3/3 levels left

rFire   . . .      SeeInvis .   a - +0 mace
rCold   . . .      Faith    .   (no shield)
rNeg    . . .      Spirit   .   b - +0 robe
rPois   .          Reflect  .   (helmet restricted)
rElec   .          Harm     .   (no cloak)
rCorr   .          Rampage  .   (gloves unavailable)
Will    .....                   (boots unavailable)
Stlth   ++........              (no amulet)
HPRegen 0.17/turn               (no ring)
MPRegen 0.09/turn               (no ring)

@: slowed, very slow
A: large, unfitting armour, tough skin 1
a: no special abilities


You were on level 3 of the Dungeon.
You visited 1 branch of the dungeon, and saw 4 of its levels.

You collected 239 gold pieces.

Inventory:

Hand Weapons
 a - a +0 mace (weapon)
Missiles
 g - a throwing net (quivered)
Armour
 b - a +0 robe (worn)
Scrolls
 d - 3 scrolls of identify {unknown}
 e - a scroll of poison {unknown}
 h - a scroll of blinking {unknown}
 i - 2 scrolls of fog {unknown}
 j - a scroll of teleportation {unknown}
Potions
 c - a potion of ambrosia
 f - a potion of curing {unknown}
 k - 2 potions of berserk rage {unknown}
 l - a potion of lignification {unknown}
 m - a potion of might {unknown}
 n - a potion of heal wounds {unknown}
 o - 2 potions of resistance {unknown}


   Skills:
 - Level 6.0 Fighting
 + Level 3.3 Maces & Flails
 - Level 3.0 Dodging
 - Level 1.4 Stealth


You had 3 spell levels left.
You didn't know any spells.
Your spell library contained the following spells:

 Spells                   Type           Power      Damage    Failure   Level
 Static Discharge         Conj/Air       0%         3-3/arc   47%         2
 Lightning Bolt           Conj/Air       0%         1d11      100%        5
 Maxwell's Capacitive Co  Air            0%         ∞         100%        8


Dungeon Overview and Level Annotations

Branches:
Dungeon (4/15)
 Temple: D:4-7

Altars:

Shops:
D:2 :


Innate Abilities, Weirdness & Mutations

You are too large for most types of armour.
You have tough skin. (AC +1)


Message History

Beogh smites you!
There is a stone staircase leading up here.
The orc hits you with a +0 hand axe!
The kobold brigand throws a curare-tipped dart.
The curare-tipped dart hits you.
You are poisoned.
You have difficulty breathing.
You feel yourself slow down.
The orc priest hits you with a +0 dagger.
The orc barely misses you.
You climb upwards.
You feel very sick.
There is a stone staircase leading down, spattered with blood here.
You can't go up here!
You hit the orc but do no damage.
You feel sick.
The orc hits you but does no damage. x3; The orc barely misses you.
You hit the orc.
The orc is moderately wounded.
You feel sick.
You are no longer poisoned.
The orc misses you. The orc barely misses you.
The orc hits you but does no damage. The orc barely misses you.
You closely miss the orc.
The orc is moderately wounded.
The orc barely misses you. The orc completely misses you.
The orc closely misses you. The orc hits you but does no damage.
You hit the orc. Your punch misses the orc.
The orc is severely wounded.
The orc barely misses you. The orc closely misses you. x3
You hit the orc but do no damage.
The orc is severely wounded.
The orc hits you but does no damage. The orc completely misses you.
The orc priest mumbles some strange prayers to Beogh against you.
Beogh smites you!
* * * LOW HITPOINT WARNING * * *
The orc hits you with a +0 hand axe.
* * * LOW HITPOINT WARNING * * *
The orc closely misses you.
The orc priest calls down the wrath of Beogh upon you.
Beogh smites you!
You die...

### #######
##.#####......
#####.#.#......###
#@oo.###..##.#.#
#o#.## ##.##.#.#
#..## ##...#.#
#.#.## ##.####.#
#.#..###..####.###
##.#.#.#...........
#..............<...
#.##.##........#.##
#.##.##........#.#


You could see an orc priest and 2 orcs.

Vanquished Creatures
  Robin (D:2)
  2 adders
  2 worms
  A dart slug (D:1)
  3 orcs (D:3)
  A bat (D:3)
  An endoplasm (D:2)
  3 giant cockroaches
  10 goblins
  4 hobgoblins
  4 jackals (D:2)
  3 quokkas
  2 ball pythons (D:3)
  4 frilled lizards
  2 kobolds
  5 rats
48 creatures vanquished.

Notes
Turn   | Place    | Note
-------+----------+-------------------------------------------
     0 | D:1      | Thatpatchoflichen the Ogre Monk began the quest for the
                  | Orb.
     0 | D:1      | Reached XP level 1. HP: 24/24 MP: 1/1
   508 | D:1      | Found a faded altar of an unknown god.
   516 | D:1      | Reached XP level 2. HP: 31/32 MP: 2/2
  1109 | D:2      | Noticed Robin
  1377 | D:1      | Reached XP level 3. HP: 5/41 MP: 3/3
  1722 | D:2      | Killed Robin
  1723 | D:2      | Reached skill level 5 in Fighting
  2293 | D:2      | Reached XP level 4. HP: 29/52 MP: 4/4
  2470 | D:2      | Found Winunem's Book Shop.
  2948 | D:3      | Reached skill level 6 in Fighting
  3839 | D:4      | Noticed a kobold brigand
  3955 | D:3      | Killed from afar by an orc priest

Illustrated notes

Levels and vault maps discovered:
D:1:      grunt_arrival_crossed_arrows, layout_loops_corners,
          hellmonk_ecumenical_altar_arch_garden
D:2:      layout_basic, serial_shops, nicolae_shop_stone, uniq_robin
D:3:      layout_loops_cross
D:4:      layout_cave_pools

Skill      XL: |  1  2  3  4 |
---------------+-------------+-----
Maces & Flails | 3 |  3.3
Dodging        | 3 |  3.0
Fighting       | 5 6 |  6.0
Stealth        | |  1.4

Action                   |  1- 3 |  4- 6 || total
-------------------------+-------+-------++-------
Melee: Mace              |   132 |    81 ||   213
       Punch             |     1 |       ||     1
 Stab: Sleeping          |     1 |     1 ||     2
Armor: Robe              |    62 |    29 ||    91
Dodge: Dodged            |   111 |    67 ||   178
